 Dungeon Crawl Stone Soup version 0.21.0 (console) character file.

3209 Kloppie the Cleaver (level 9, -3/85 HPs)
             Began as a Minotaur Fighter on Jan 7, 2018.
             Was a Priest of Wu Jian.
             Slain by a hornet (7 damage)
             ... while paralysed by a hornet
             ... on level 7 of the Dungeon.
             The game lasted 00:10:15 (6032 turns).

Kloppie the Cleaver (Minotaur Fighter)              Turns: 6032, Time: 00:10:15

Health: -3/85      AC: 10    Str: 24    XL:     9   Next: 65%
Magic:  8/8        EV:  2    Int:  8    God:    Wu Jian [***...]
Gold:   261        SH:  0    Dex: 10    Spells: 8/8 levels left

rFire    . . .     SeeInvis .   a - +2 war axe
rCold    + . .     Gourm    .   c - +1 shield
rNeg     . . .     Faith    .   b - +0 scale mail
rPois    .         Spirit   .   E - +2 hat {Int+3}
rElec    .         Reflect  .   (no cloak)
rCorr    .         Harm     .   (no gloves)
MR       +....                  (no boots)
Stlth    ..........             (no amulet)
HPRegen  0.24/turn              k - ring of protection from cold
MPRegen  0.11/turn              J - ring of protection from magic

@: paralysed, lethally poisoned (-3 -> -20), slowed
A: retaliatory headbutt, horns 2
a: Wall Jump, Serpent's Lash, Renounce Religion


You were on level 7 of the Dungeon.
You worshipped Wu Jian.
Wu Jian was most pleased with you.
You were not hungry.

You visited 1 branch of the dungeon, and saw 7 of its levels.
You also visited: Sewer and Ossuary.

You collected 423 gold pieces.
You spent 162 gold pieces at shops.

Inventory:

Hand Weapons
 a - a +2 war axe (weapon)
 K - a +1 war axe
Armour
 b - a +0 scale mail (worn)
 c - a +1 shield (worn)
 A - a +0 plate armour
 E - a +2 hat of intelligence (worn)
Jewellery
 g - an uncursed ring of wizardry
 k - a ring of protection from cold (left hand)
 F - an uncursed ring of ice
 J - a ring of protection from magic (right hand)
Wands
 x - a wand of acid (8)
 y - a wand of disintegration (7)
 G - a wand of flame (17)
Scrolls
 i - 11 scrolls of remove curse {unknown}
 l - 3 scrolls of magic mapping
 m - a scroll of enchant weapon
 n - 2 scrolls of teleportation
 p - 3 scrolls of enchant armour
 r - a scroll of noise
 w - 7 scrolls of amnesia
 C - a scroll of blinking
Potions
 d - 3 potions of might
 e - 3 potions of agility
 j - 2 potions of degeneration
 o - a potion of invisibility
 q - 4 potions of heal wounds
 t - 6 potions of curing
 u - 3 potions of lignification
 v - 3 potions of flight
 z - 2 potions of cancellation {unknown}
 B - a potion of mutation {unknown}
 D - 2 potions of berserk rage {unknown}
 H - 3 potions of haste {unknown}
 I - a potion of ambrosia {unknown}
Books
 h - a book of Flames

   Spells                             Type                      Level
   a - Flame Tongue                   Conjuration/Fire             1
   b - Throw Flame                    Conjuration/Fire             2
   c - Conjure Flame                  Conjuration/Fire             3
   d - Inner Flame                    Hexes/Fire                   3
   e - Sticky Flame                   Conjuration/Fire             4
   f - Fireball                       Conjuration/Fire             5
Comestibles
 f - 10 rations
 s - 3 chunks of flesh


   Skills:
 - Level 10.0 Fighting
 + Level 11.5 Axes
 + Level 7.6 Armour
 - Level 3.6 Shields


You had 8 spell levels left.
You didn't know any spells.

Dungeon Overview and Level Annotations

Branches:
Dungeon (7/15)             Temple (0/1) D:5

Altars:
Nemelex Xobeh
Uskayaw
Wu Jian
Zin

Shops:
D:4 *


Innate Abilities, Weirdness & Mutations

You reflexively headbutt those who attack you in melee.
You have a pair of horns on your head.


Message History

You block the hornet's attack. The hornet closely misses you.
You feel better.
The hornet stings you but does no damage.
The hornet stings you.
* * * LOW HITPOINT WARNING * * *
You feel as though you will be slow longer.
You hit the hornet but do no damage.
The hornet is almost dead.
The hornet stings you.
* * * LOW HITPOINT WARNING * * *
You are poisoned.
You feel as though you will be slow longer.
The hornet stings you!
* * * LOW HITPOINT WARNING * * *
You are more poisoned.
You suddenly lose the ability to move!
The hornet stings you but does no damage.
* * * LOW HITPOINT WARNING * * *
You feel sick. The hornet stings you!
You die...

#############
......y@>...#
########.##.#
#################.##.###
....................p..#
.[.##############.##.#.##
##..## #.# ...# ###..##
#.# .#.# ≈≈##..# #.# ...#
.)≈##.# #.# ##..####


You could see a hornet.

Vanquished Creatures
  Pikel (D:7)
  3 hungry ghosts (D:7)
  A water moccasin (D:3)
  Duvessa (D:7)
  An ice beast (D:5)
  A black bear (D:7)
  An orc warrior (D:7)
  2 ogres
  A big kobold (Sewer)
  4 bullfrogs
  Dowan (D:7)
  6 scorpions (Ossuary)
  3 wights (D:6)
  5 centaur zombies (Ossuary)
  A crimson imp (D:5)
  A centaur skeleton (D:4)
  A jelly (D:7)
  2 hounds (D:7)
  An orc priest (D:7)
  An orc wizard (D:7)
  Terence (D:2)
  2 human zombies (Ossuary)
  An iguana (D:5)
  2 worker ants
  2 big kobold zombies (Ossuary)
  2 hound zombies
  4 mummies
  A hound skeleton (D:7)
  2 river rats (Sewer)
  11 adders
  4 scorpion zombies (Ossuary)
  A shadow imp (D:7)
  2 oozes
  An adder zombie (D:5)
  4 worms
  5 leopard geckos
  17 orcs
  5 giant cockroaches
  10 goblins
  11 hobgoblins
  16 jackals
  6 kobolds
  6 quokkas
  2 ball pythons
  12 bats
  4 frilled lizards
  2 goblin zombies (Ossuary)
  2 hobgoblin zombies (Ossuary)
  A jackal skeleton (D:4)
  A kobold zombie (Ossuary)
  An orc zombie (Ossuary)
  13 rats
192 creatures vanquished.

Vanquished Creatures (others)
  A leopard gecko (D:7)
  A leopard gecko skeleton (D:7)
2 creatures vanquished.

Grand Total: 194 creatures vanquished

Notes
Turn   | Place    | Note
-------+----------+-------------------------------------------
     0 | D:1      | Kloppie the Minotaur Fighter began the quest for the Orb.
     0 | D:1      | Reached XP level 1. HP: 19/19 MP: 0/0
   102 | D:1      | Reached skill level 3 in Axes
   102 | D:1      | Reached XP level 2. HP: 22/27 MP: 1/1
   354 | D:1      | Reached XP level 3. HP: 31/34 MP: 2/2
   729 | D:2      | Reached skill level 4 in Axes
   748 | D:2      | Reached XP level 4. HP: 39/41 MP: 3/3
   760 | D:2      | Reached skill level 5 in Fighting
   880 | D:2      | Found an ornate altar of the Wu Jian Council.
   888 | D:2      | Became a worshipper of the Wu Jian Council
  1057 | D:2      | Noticed Terence
  1065 | D:2      | Killed Terence
  1209 | D:2      | Reached XP level 5. HP: 45/48 MP: 4/4
  1341 | D:3      | Reached * piety under Wu Jian
  1354 | D:3      | Found a glowing drain.
  1358 | Sewer    | Entered a sewer
  1367 | Sewer    | Reached skill level 5 in Axes
  1457 | Sewer    | Found a white marble altar of Elyvilon.
  1629 | D:3      | Noticed a water moccasin
  1640 | D:3      | Killed a water moccasin
  1640 | D:3      | Reached skill level 6 in Axes
  1640 | D:3      | Reached XP level 6. HP: 34/58 MP: 5/5
  2960 | D:4      | Reached XP level 7. HP: 65/66 MP: 6/6
  2981 | D:4      | Found Zeuvum's Assorted Antiques.
  2984 | D:4      | Bought a scroll labeled ZESHUAFEMU for 28 gold pieces
  2984 | D:4      | Bought a scroll labeled GUCIYD CUEDONUTO for 28 gold pieces
  2984 | D:4      | Bought a scroll labeled WAOCIU HYALEPE for 28 gold pieces
  2984 | D:4      | Bought a scroll labeled ZESHUAFEMU for 28 gold pieces
  2984 | D:4      | Bought a grey potion for 25 gold pieces
  2984 | D:4      | Bought a silvery potion for 25 gold pieces
  3265 | D:5      | Entered Level 5 of the Dungeon
  3330 | D:5      | Found a sand-covered staircase.
  3337 | Ossuary  | Entered an ossuary
  3371 | Ossuary  | Reached ** piety under Wu Jian
  3397 | Ossuary  | Reached skill level 7 in Axes
  3651 | Ossuary  | Reached skill level 8 in Axes
  3903 | Ossuary  | Reached XP level 8. HP: 72/75 MP: 7/7
  4090 | D:5      | Reached skill level 9 in Axes
  4196 | D:5      | Found a staircase to the Ecumenical Temple.
  4374 | D:5      | Found a hide-covered altar of Uskayaw.
  4689 | D:6      | Reached skill level 10 in Fighting
  4801 | D:6      | Reached *** piety under Wu Jian
  5293 | D:7      | Reached skill level 10 in Axes
  5346 | D:7      | Reached XP level 9. HP: 32/85 MP: 8/8
  5474 | D:7      | Reached skill level 5 in Armour
  5514 | D:7      | Noticed Pikel
  5528 | D:7      | Killed Pikel
  5528 | D:7      | Reached skill level 11 in Axes
  5970 | D:7      | Found a hide-covered altar of Uskayaw.
  5970 | D:7      | Found a sparkling altar of Nemelex Xobeh.
  5970 | D:7      | Noticed Duvessa
  5971 | D:7      | Noticed Dowan
  5971 | D:7      | Found a glowing silver altar of Zin.
  5976 | D:7      | Killed Duvessa
  5986 | D:7      | Killed Dowan
  6020 | D:7      | Paralysed by a hornet for 2 turns
  6031 | D:7      | Paralysed by a hornet for 2 turns
  6032 | D:7      | HP: 4/85 [poisoned by a hornet]
  6032 | D:7      | Slain by a hornet

Skill      XL: |  1  2  3  4  5  6  7  8  9 |
---------------+----------------------------+-----
Fighting       | 4 5 6 7 8 10 | 10.0
Axes           | 3 4 6 8 10 11 | 11.5
Armour         | 4 7 |  7.6
Shields        | |  3.6

Action                   |  1- 3 |  4- 6 |  7- 9 || total
-------------------------+-------+-------+-------++-------
Melee: War axe           |    71 |   191 |   292 ||   554
       Headbutt          |    10 |    26 |    56 ||    92
Invok: Lunge             |       |    18 |    12 ||    30
       Whirlwind         |       |     1 |     1 ||     2
       Wall Jump         |       |       |     2 ||     2
  Use: Scroll            |       |       |    18 ||    18
       Potion            |       |       |     3 ||     3
  Eat: Chunk             |       |     7 |    11 ||    18
       Ration            |       |       |     1 ||     1
Armor: Scale mail        |    27 |    57 |    78 ||   162
Dodge: Dodged            |    28 |    50 |    54 ||   132
Block: Shield            |    50 |    88 |   125 ||   263
